 Dungeon Crawl Stone Soup version 0.29.1-2-gbd0b4ee654 (webtiles) character file.

Game seed: 3601484779710507052

2552 Descartes the Sneak (level 9, 0/41 HPs)
             Began as a Spriggan Wanderer on Nov 18, 2022.
             Slain by a two-headed ogre
             ... wielding a +0 giant spiked club
              (24 damage)
             ... on level 6 of the Dungeon.
             The game lasted 00:21:20 (8520 turns).

Descartes the Sneak (Spriggan Wanderer)             Turns: 8520, Time: 00:21:21

Health: 0/41       AC:  6    Str:  7    XL:     9   Next: 31%
Magic:  16/19      EV: 18    Int: 19    God:
Gold:   305        SH:  0    Dex: 14    Spells: 4/20 levels left

rFire   . . .      SeeInvis +   G - +2 dagger (holy)
rCold   . . .      Faith    .   (no shield)
rNeg    . . .      Spirit   .   D - +0 acid dragon scales
rPois   +          Reflect  .   (helmet restricted)
rElec   .          Harm     .   (no cloak)
rCorr   +          Rampage  .   (gloves unavailable)
Will    +....                   (boots unavailable)
Stlth   +++.......              (no amulet)
HPRegen 0.13/turn               n - +4 ring of slaying
MPRegen 0.16/turn               k - ring of poison resistance

@: very quick
A: very small, no large weapons, unfitting armour, see invisible, speed 3
a: no special abilities


You were on level 6 of the Dungeon.
You visited 1 branch of the dungeon, and saw 7 of its levels.

You collected 305 gold pieces.

Inventory:

Hand Weapons
 t - a +4 mace of draining
 u - a +0 sling
 B - a +0 shortbow
 G - a +2 dagger of holy wrath (weapon)
Missiles
 F - 3 poisoned darts
Armour
 d - a +0 robe
 D - +0 acid dragon scales (worn)
Magical Staves
 r - a staff of conjuration
Jewellery
 k - a ring of poison resistance (right hand)
 n - a +4 ring of slaying (left hand)
 v - a +6 ring of intelligence
Wands
 b - a wand of flame (4)
 f - a wand of mindburst (2)
 C - a wand of charming (8)
Scrolls
 a - a scroll of identify
 c - a scroll of silence
 e - 6 scrolls of teleportation
 g - 2 scrolls of blinking
 j - 3 scrolls of poison {unknown}
 o - 2 scrolls of amnesia
 s - a scroll of butterflies {unknown}
 y - a scroll of enchant armour {unknown}
 A - a scroll of immolation {unknown}
Potions
 h - a potion of might {unknown}
 i - 3 potions of flight
 l - a potion of brilliance {unknown}
 m - 2 potions of attraction
 p - 2 potions of curing
 q - a potion of heal wounds {unknown}
 w - a potion of magic {unknown}
 x - a potion of ambrosia {unknown}
 z - a potion of invisibility {unknown}
 E - a potion of mutation {unknown}


   Skills:
 - Level 1.0 Fighting
 + Level 6.0 Dodging
 + Level 7.4 Stealth
 - Level 6.0 Spellcasting
 + Level 3.4 Conjurations
 + Level 3.5 Hexes
 - Level 5.0 Translocations
 - Level 5.0 Transmutations
 + Level 4.6 Earth Magic
 + Level 6.8 Evocations


You had 4 spell levels left.
You knew the following spells:

 Your Spells              Type           Power      Damage    Failure   Level
a - Sandblast             Erth           46%        2d11      3%          1
b - Blink                 Tloc           48%        N/A       4%          2
c - Petrify               Tmut/Erth      24%        N/A       28%         4
d - Confusing Touch       Hex            19%        N/A       16%         3
e - Dispersal             Tloc           12%        N/A       99%         6

Your spell library contained the following spells:

 Spells                   Type           Power      Damage    Failure   Level
 Slow                     Hex            76%        N/A       4%          1
 Gell's Gravitas          Tloc           24%        N/A       9%          3
 Teleport Other           Tloc           24%        N/A       9%          3
 Leda's Liquefaction      Hex/Erth       10%        N/A       36%         4
 Vampiric Draining        Necr           5%         2d6       54%         3
 Manifold Assault         Tloc           24%        N/A       58%         5
 Storm Form               Tmut/Air       7%         N/A       100%        7


Dungeon Overview and Level Annotations

Branches:
Dungeon (7/15)
 Temple: D:4-7

Altars:
Ashenzari
Cheibriados
Fedhas
Kikubaaqudgha
Nemelex Xobeh
Ru
Sif Muna
Vehumet
The Shining One

Shops:
D:6 *

Annotations:
D:4 3 runed translucent doors, dracomuter's ghost, novice DsWn
D:6 1 runed translucent door, ripuliukko's ghost, novice MiFi
D:7 exclusions: centaur and 2 hornets


Innate Abilities, Weirdness & Mutations

You are very small and have problems with some larger weapons.
You are too small for most types of armour.
You have supernaturally acute eyesight. (SInv)
You cover ground extremely quickly. (Speed+++)


Message History

Unknown command.
Casting: Sandblast (safe; 3% risk of failure)
Confirm with . or Enter, or press ? or * to list all spells.
Aiming: Sandblast (safe; 3% risk of failure)
Press: ? - help, Shift-Dir - straight line, f - two-headed ogre
Aim: a two-headed ogre, wielding a +0 giant spiked club and a +0 giant club (92% to hit)
The blast of sand hits the two-headed ogre!
The two-headed ogre is moderately wounded.
Casting: Sandblast (safe; 3% risk of failure)
Confirm with . or Enter, or press ? or * to list all spells.
Aiming: Sandblast (safe; 3% risk of failure)
Press: ? - help, Shift-Dir - straight line, f/p - two-headed ogre
Aim: a two-headed ogre, wielding a +0 giant spiked club and a +0 giant club (lightly wounded, 92% to hit)
The blast of sand hits the two-headed ogre.
The two-headed ogre is moderately wounded.
The two-headed ogre hits you with a +0 giant spiked club!!
The two-headed ogre closely misses you.
There is a stone staircase leading up here.
You see here a +0 shortbow.
Casting: Sandblast (safe; 3% risk of failure)
Confirm with . or Enter, or press ? or * to list all spells.
Aiming: Sandblast (safe; 3% risk of failure)
Press: ? - help, Shift-Dir - straight line, f/p - two-headed ogre
Aim: a two-headed ogre, wielding a +0 giant spiked club and a +0 giant club (moderately wounded, 92% to hit)
The blast of sand hits the two-headed ogre.
The two-headed ogre is moderately wounded.
Casting: Sandblast (safe; 3% risk of failure)
Confirm with . or Enter, or press ? or * to list all spells.
Aiming: Sandblast (safe; 3% risk of failure)
Press: ? - help, Shift-Dir - straight line, f/p - two-headed ogre
Aim: a two-headed ogre, wielding a +0 giant spiked club and a +0 giant club (moderately wounded, 92% to hit)
The blast of sand hits the two-headed ogre!
The two-headed ogre is heavily wounded.
The two-headed ogre barely misses you. The two-headed ogre closely misses you.
You climb upwards.
Level annotation: 1 runed translucent door, ripuliukko's ghost, novice MiFi
There is a stone staircase leading down here.
The two-headed ogre hits you with a +0 giant spiked club!!
Ouch! That really hurt!
You die...

########### #........#.
#........#.
##############..........
#.....................#.
#.#####.....##........#.
#.# #@###.######.#.###
#.# #>O...............
#.# #.#...##.........#
#.# #.##..##.........#
#.# ####..##.........#
#.# ##..#####.#.### #.#
#..# #.#.# # #.#
#..#####.#.# # #.#
#........#.#


You could see a two-headed ogre.

Vanquished Creatures
  Maggie (D:7)
  A hornet (D:7)
  Eustachio (D:5)
  A water moccasin (D:7)
  Duvessa (D:6)
  2 ice beasts
  2 sky beasts
  2 black bears
  2 centaurs (D:7)
  A phantom (D:5)
  A bullfrog (D:5)
  Blork the orc (D:6)
  4 scorpions
  Dowan (D:6)
  2 howler monkeys
  An orc priest (D:6)
  3 hounds
  A jelly (D:6)
  4 orc wizards
  A gnoll (D:3)
  10 adders
  A shadow imp (D:6)
  2 ufetubi (D:4)
  A worm (D:2)
  16 orcs
  4 endoplasms
  3 giant cockroaches (D:1)
  4 goblins
  7 hobgoblins
  2 jackals (D:1)
  7 kobolds
  7 quokkas
  7 ball pythons
  2 bats (D:1)
  2 frilled lizards
  4 rats
112 creatures vanquished.

Notes
Turn   | Place    | Note
-------+----------+-------------------------------------------
     0 | D:1      | Descartes the Spriggan Wanderer began the quest for the
                  | Orb.
     0 | D:1      | Descartes set off with the following items: a +0 dagger, a
                  | wand of flame (4), a scroll of silence, a +0 robe, a scroll
                  | of teleportation; and the following spell memorised:
                  | Sandblast; and the following spells available to memorise:
                  | Leda's Liquefaction, Petrify.
     0 | D:1      | Reached XP level 1. HP: 10/10 MP: 7/7
    24 | D:1      | Found a faded altar of an unknown god.
   228 | D:1      | Reached XP level 2. HP: 13/14 MP: 1/9
   424 | D:1      | Reached skill level 2 in Stealth
   499 | D:1      | Reached skill level 1 in Dodging
   601 | D:1      | Found Veomeoso's Antique Armour Shop.
  1189 | D:2      | Reached XP level 3. HP: 18/18 MP: 8/11
  1286 | D:2      | Found a sparkling altar of Nemelex Xobeh.
  1656 | D:3      | Found a broken altar of Ashenzari.
  1657 | D:3      | Found a shimmering blue altar of Sif Muna.
  1660 | D:3      | Found a radiant altar of Vehumet.
  1660 | D:3      | Found a snail-covered altar of Cheibriados.
  1662 | D:3      | Found a sacrificial altar of Ru.
  2083 | D:3      | Found an ancient bone altar of Kikubaaqudgha.
  2128 | D:3      | Reached XP level 4. HP: 22/22 MP: 6/12
  2532 | D:2      | Reached skill level 3 in Stealth
  2657 | D:3      | Reached skill level 1 in Conjurations
  2753 | D:3      | Found a sparkling altar of Nemelex Xobeh.
  2860 | D:3      | Found a blossoming altar of Fedhas.
  2989 | D:3      | Learned a level 2 spell: Blink
  2994 | D:3      | Learned a level 4 spell: Petrify
  3140 | D:4      | Noticed an ice beast
  3152 | D:4      | Found a runed translucent gate.
  3152 | D:4      | Found a runed translucent gate.
  3152 | D:4      | Found a runed translucent gate.
  3158 | D:4      | Noticed a scorpion
  3443 | D:4      | Reached XP level 5. HP: 25/25 MP: 10/14
  3745 | D:4      | Reached skill level 1 in Translocations
  4132 | D:4      | Noticed dracomuter's ghost (novice DsWn)
  4321 | D:4      | Reached skill level 1 in Transmutations
  4544 | D:5      | Entered Level 5 of the Dungeon
  4663 | D:5      | Noticed an ice beast
  4715 | D:4      | Killed an ice beast
  4716 | D:4      | Reached XP level 6. HP: 17/30 MP: 10/16
  4913 | D:5      | Reached skill level 4 in Stealth
  5077 | D:5      | Reached XP level 7. HP: 30/33 MP: 13/17
  5502 | D:5      | Found a glowing golden altar of the Shining One.
  5663 | D:6      | Reached skill level 5 in Stealth
  5688 | D:5      | Reached skill level 5 in Evocations
  5768 | D:6      | Noticed Eustachio
  5851 | D:5      | Killed Eustachio
  5852 | D:5      | Reached XP level 8. HP: 31/37 MP: 3/18
  5954 | D:5      | Learned a level 3 spell: Confusing Touch
  6333 | D:6      | Noticed Duvessa
  6333 | D:6      | Noticed Dowan
  6574 | D:6      | Found Cagyisux's Overcharged Wands.
  6679 | D:6      | Found a runed translucent door.
  6684 | D:6      | Noticed ripuliukko's ghost (novice MiFi)
  6704 | D:7      | Noticed a hornet
  6733 | D:7      | Noticed Maggie
  6737 | D:7      | Killed Maggie
  6738 | D:7      | Reached skill level 6 in Stealth
  6738 | D:7      | Reached skill level 1 in Hexes
  6775 | D:7      | Noticed a hornet
  6934 | D:6      | Reached skill level 5 in Dodging
  7140 | D:6      | Killed Duvessa
  7141 | D:6      | Reached skill level 5 in Translocations
  7149 | D:6      | Learned a level 6 spell: Dispersal
  7150 | D:6      | Killed Dowan
  7711 | D:6      | Noticed Blork the orc
  7729 | D:6      | Killed Blork the orc
  7933 | D:7      | Reached XP level 9. HP: 22/41 MP: 13/19
  7937 | D:7      | Reached skill level 5 in Transmutations
  7949 | D:7      | Noticed a two-headed ogre
  7954 | D:7      | Reached skill level 7 in Stealth
  8520 | D:6      | Slain by a two-headed ogre

Illustrated notes

Levels and vault maps discovered:
D:1:      dpeg_arrival_windows_large_door, layout_basic, serial_shops,
          nicolae_lakefront_shop, hellmonk_ecumenical_altar_leap_of_faith
D:2:      layout_basic, basic_altar
D:3:      minmay_spotlight, layout_rooms,
          mainiacjoe_overflow_concentric_impassable, grunt_temple_overflow_open,
          amcnicky_altar_gilded
D:4:      layout_loops_corners, gammafunk_ghost_icy
D:5:      layout_rooms, tso_oasis_becter, chequers_serial_rivers_micro_a,
          minmay_misc_feat_pillars
D:6:      layout_basic, ebering_ghost_sewer_d, nicolae_shop_overcharged_wands,
          uniq_duvessa, uniq_blork_the_orc, uniq_eustachio
D:7:      layout_rooms, minmay_temple_entry_antechambers, uniq_maggie

Skill      XL: |  1  2  3  4  5  6  7  8  9 |
---------------+----------------------------+-----
Earth Magic    | 2 3 4 |  4.6
Stealth        | 2 3 4 5 6 7 |  7.4
Evocations     | 3 4 5 6 |  6.8
Dodging        | 1 2 3 4 5 6 |  6.0
Conjurations   | 1 2 3 |  3.4
Translocations | 2 4 5 |  5.0
Spellcasting   | 6 |  6.0
Transmutations | 1 2 3 4 5 |  5.0
Hexes          | 2 3 |  3.5
Fighting       | |  1.0

Action                   |  1- 3 |  4- 6 |  7- 9 || total
-------------------------+-------+-------+-------++-------
Melee: Dagger            |       |       |     1 ||     1
 Cast: Sandblast         |    63 |   130 |   152 ||   345
       Blink             |       |       |     3 ||     3
Evoke: Wand              |       |       |     6 ||     6
  Use: Scroll            |       |     3 |     2 ||     5
       Potion            |       |     1 |       ||     1
 Stab: Distracted        |       |       |     1 ||     1
Armor: Robe              |     1 |     2 |     2 ||     5
       Acid dragon scale |       |       |    10 ||    10
Dodge: Dodged            |    24 |    44 |    75 ||   143
